Map: Prion Terraces

Players

LilDicky - Winner!

  • Race: Zerg Zerg
  • League: Diamond

Minor

  • Race: Zerg Zerg
  • League: Platinum

VOD

http://www.twitch.tv/tumescentpie

Description

Time

  • Played on: Dec. 6, 2015, 12:14 p.m.
  • Length: 30:26
Show
View Real Time Build Order
Export as new Build Order

LilDicky Zerg - Winner!

Build Orders: Hatch First 

Get SALT Encoding   

  12  0:02  Drone  
  13  0:08  Drone  
  14  0:23  Drone, Extractor  
  14  0:24  Drone, Extractor  
  16  0:44  Hatchery  
  15  0:58  Spawning Pool  
  14  1:04  Overlord  
  14  1:11  Extractor  
  13  1:21  Drone  
  15  1:40  Drone  
  15  1:52  Queen  
  17  1:56  Queen  
  17  2:01  Drone x2  
  21  2:02  Drone x2  
  23  2:10  Spine Crawler  
  23  2:12  Drone  
  23  2:19  Metabolic Boost  
  23  2:24  Drone  
  24  2:37  Drone x4  
  28  2:54  Overlord  
  28  2:59  Extractor  
  28  3:01  Spine Crawler  
  28  3:03  Zergling x2  
  28  3:04  Zergling x2  
  28  3:19  Queen  
  30  3:35  Lair  
  30  3:39  Overlord  
  30  3:40  Zergling x12  
  36  4:10  Drone x7  
  43  4:32  Baneling Nest  
  43  4:34  Drone x2  
  43  4:36  Overlord x2  
  42  5:07  Spire  
  42  5:10  Zergling x6  
  42  5:11  Zergling x12  
  41  5:29  Zergling x2  
  41  5:30  Zergling x8  
  46  5:38  Extractor  
  46  5:39  Drone x4  
  46  5:40  Extractor  
  48  5:46  Spine Crawler  
  43  6:22  Mutalisk  
  43  6:23  Mutalisk x4  
  43  6:25  Overlord  
  51  6:48  Mutalisk  
  51  6:49  Mutalisk x3  
  48  7:30  Mutalisk  
  48  7:32  Drone  
  48  7:33  Overlord x4  
  51  7:52  Spine Crawler x3  
  48  8:27  Zergling x2  
  48  8:28  Zergling x16  
  48  8:32  Mutalisk x4  
  65  8:49  Drone  
  65  8:50  Drone x5  
  67  9:28  Mutalisk x5  
  77  9:40  Zergling x10  
  82  10:08  Mutalisk  
  82  10:10  Overlord x2  
  82  10:11  Overlord  
  71  11:06  Mutalisk x9  
  88  11:27  Zergling x2  
  88  11:28  Zergling x10  
  88  12:01  Mutalisk x5  
  93  13:05  Zergling x2  
  93  13:06  Zergling x2  
  93  13:07  Zergling x28  
  93  13:08  Overlord  
  93  13:09  Overlord  
  108  13:27  Hatchery  
  107  13:37  Zergling x6  
  107  13:39  Drone  
  111  14:12  Zergling x8  
  111  14:13  Zergling x8  
  96  14:57  Mutalisk x5  
  94  15:15  Zergling x6  
  95  15:25  Spine Crawler  
  94  15:32  Spore Crawler  
  93  15:46  Queen  
  95  16:21  Drone x2, Infestation Pit  
  95  16:22  Drone x14  
  110  16:45  Overlord  
  110  17:01  Evolution Chamber  
  109  17:02  Evolution Chamber  
  109  17:04  Drone x7  
  115  17:12  Hatchery  
  114  17:22  Drone  
  115  17:23  Drone x6  
  115  17:25  Extractor  
  120  17:30  Spine Crawler, Extractor  
  118  17:42  Overseer  
  118  17:54  Pneumatized Carapace  
  118  18:18  Hive  
  118  18:39  Spine Crawler  
  118  18:40  Spine Crawler  
  116  18:41  Spore Crawler  
  115  18:49  Hatchery  
  115  18:50  Drone  
  115  18:51  Drone x13  
  128  19:07  Hatchery  
  127  19:11  Extractor  
  127  19:13  Extractor x3  
  123  19:28  Queen  
  125  19:45  Zergling x2  
  125  19:46  Zergling x32  
  141  20:09  Queen  
  141  20:10  Spine Crawler x2  
  141  20:13  Spine Crawler  
  140  20:14  Spore Crawler  
  140  20:17  Spore Crawler  
  135  20:38  Hatchery  
  134  20:55  Ultralisk Cavern  
  133  21:18  Overlord  
  133  21:19  Overlord x4  
  133  22:17  Ultralisk  
  133  22:18  Ultralisk x9  
  133  22:21  Overlord  
  133  22:22  Overlord x18  
  193  22:27  Drone  
  193  22:28  Drone  
  195  22:42  Hatchery  
  194  22:46  Hatchery, Chitinous Plating  
  193  23:08  Adrenal Glands  
  189  23:29  Spore Crawler  
  189  23:30  Spine Crawler  
  189  23:32  Spine Crawler  
  189  23:33  Overlord  
  189  23:34  Overlord x21  
  186  23:35  Overlord x7  
  186  24:44  Hatchery  
  185  24:55  Hatchery  
  182  27:12  Zerg Ground Armor Level 1, Zerg Melee Weapons Level 1  
  161  28:05  Baneling  
  161  28:06  Baneling x25  
  161  28:07  Centrifical Hooks, Baneling x4  
  160  29:07  Mutalisk  
  160  29:08  Mutalisk x3  
  168  29:15  Drone  
  168  29:16  Drone x2  
  171  29:19  Drone x3  
  173  29:34  Drone  
  173  29:35  Drone x2  
  176  29:40  Extractor  
  176  29:41  Extractor  
Show
View Real Time Build Order
Export as new Build Order

Minor Zerg 

Build Orders: Pool First 

Get SALT Encoding   

  12  0:01  Drone  
  13  0:08  Drone  
  14  0:18  Extractor  
  14  0:19  Drone  
  15  0:27  Overlord  
  15  0:47  Drone x3  
  18  0:57  Extractor  
  18  0:58  Drone  
  18  0:59  Spawning Pool  
  17  1:18  Hatchery  
  16  1:19  Drone  
  16  1:25  Drone  
  18  1:32  Drone  
  19  1:42  Drone  
  20  1:47  Queen  
  22  1:56  Overlord  
  22  2:10  Metabolic Boost  
  22  2:11  Overlord  
  22  2:18  Zergling x2  
  23  2:24  Zergling x2  
  23  2:29  Queen  
  24  2:31  Zergling x2  
  24  2:34  Drone  
  28  2:43  Drone  
  29  2:49  Roach Warren  
  28  2:57  Lair  
  28  3:00  Drone x2, Extractor  
  28  3:03  Drone x3  
  32  3:09  Drone x2  
  34  3:31  Drone x4  
  34  3:32  Drone x2  
  40  3:40  Overlord x3  
  40  3:54  Glial Reconstitution  
  40  4:15  Hatchery  
  39  4:20  Roach x6  
  39  4:21  Roach  
  53  4:33  Overlord x3  
  52  5:01  Roach x9  
  57  5:29  Drone x5  
  63  5:36  Ravager x3  
  63  5:37  Queen  
  63  5:39  Drone  
  63  5:40  Drone x2  
  70  5:44  Ravager  
  72  5:57  Ravager  
  72  5:59  Zergling x2  
  72  6:00  Zergling x12  
  78  6:21  Spine Crawler  
  75  6:28  Spine Crawler  
  75  6:30  Ravager x2  
  76  6:41  Roach  
  76  6:42  Roach x3  
  76  6:43  Zergling x2  
  76  6:44  Zergling x8  
  68  7:27  Zergling x2  
  68  7:28  Zergling x16  
  61  7:36  Spore Crawler  
  52  7:42  Spore Crawler  
  49  7:56  Spore Crawler  
  52  7:58  Drone x6  
  52  8:04  Spore Crawler  
  52  8:19  Infestation Pit  
  51  8:22  Queen x3  
  57  8:36  Spore Crawler  
  57  8:37  Drone x11  
  57  8:38  Spore Crawler  
  66  8:57  Pathogen Glands  
  66  8:58  Queen  
  68  9:22  Queen  
  69  9:25  Infestor  
  69  9:26  Infestor  
  73  9:31  Overlord  
  73  9:32  Overlord x3  
  73  9:38  Spine Crawler  
  72  9:39  Spore Crawler  
  72  9:48  Spore Crawler  
  72  9:51  Spore Crawler  
  62  10:12  Infestor  
  62  10:13  Infestor x2  
  49  11:16  Infestor  
  43  12:00  Burrow  
  43  12:12  Spawning Pool  
  42  12:38  Roach  
  42  12:39  Roach x4  
  45  13:17  Queen  
  47  13:22  Zergling x2  
  47  13:23  Zergling x30  
  63  13:28  Infestor x5  
  63  13:44  Queen  
  63  14:08  Infestor x5  
  59  14:16  Queen  
  61  14:41  Infestor x5  
  50  15:19  Infestor  
  50  15:20  Infestor x2  
  56  15:25  Spore Crawler  
  55  15:55  Infestor  
  55  15:56  Infestor x7  
  55  17:18  Evolution Chamber  
  54  18:01  Infestor x8  
  46  21:33  Infestor x8  
  46  24:25  Hatchery  
Tags
 
Add a new tag
Caveats
  • Supply blocks, unpowered buildings, or Contaminate may cause inaccurate times.
  • Supply counts are checked every 10 seconds.